[ AOE2 MATCH · #468497420 ]
Team RMMalay vs Bohemians
[ REPLAY ANALYSIS · EXTRACTED FROM THE RECORDED GAME ]
Feudal
14:44
Castle
28:15
Imperial
45:22
| APM avg | 15.1 |
| APM peak | 48 |
| eAPM avg | 10.9 |
| Villagers / military | 128 / 92 |
Focus
⚔️ 25.0% · 🌾 75.0%
Battle Elephant ×84 · Trade Cart ×35 · Scout Cavalry ×8
Feudal
12:36
Castle
16:40
Imperial
33:09
| APM avg | 44.2 |
| APM peak | 284 |
| eAPM avg | 41.8 |
| Villagers / military | 133 / 347 |
Focus
⚔️ 8.0% · 🌾 92.0%
Scout Cavalry ×172 · Leitis ×114 · Hand Cannoneer ×49 · Bombard Cannon ×11 · Trade Cart ×8 · Monk ×1
Feudal
23:04
Castle
32:52
Imperial
47:21
| APM avg | 8.3 |
| APM peak | 32 |
| eAPM avg | 6.8 |
| Villagers / military | 104 / 19 |
Focus
⚔️ 16.6% · 🌾 83.4%
Spearman ×11 · Trade Cart ×10 · Longbowman ×6 · Monk ×2
Feudal
18:12
Castle
30:14
Imperial
51:19
| APM avg | 25.7 |
| APM peak | 61 |
| eAPM avg | 13.8 |
| Villagers / military | 118 / 37 |
Focus
⚔️ 17.2% · 🌾 82.8%
Trade Cart ×23 · Hussite Wagon ×23 · Bombard Cannon ×11 · Monk ×3
Feudal
14:08
Castle
21:42
Imperial
40:14
| APM avg | 13.4 |
| APM peak | 67 |
| eAPM avg | 9.9 |
| Villagers / military | 86 / 192 |
Focus
⚔️ 43.3% · 🌾 56.7%
Spearman ×153 · Huskarl ×26 · Militia ×8 · Trade Cart ×6 · Battering Ram ×5
Feudal
12:20
Castle
27:55
Imperial
39:10
| APM avg | 19.2 |
| APM peak | 74 |
| eAPM avg | 15.0 |
| Villagers / military | 124 / 104 |
Focus
⚔️ 27.9% · 🌾 72.1%
Konnik ×89 · Trade Cart ×11 · Battering Ram ×8 · Militia ×7
Feudal
13:25
Castle
18:09
Imperial
34:34
| APM avg | 33.6 |
| APM peak | 203 |
| eAPM avg | 29.0 |
| Villagers / military | 119 / 176 |
Focus
⚔️ 6.8% · 🌾 93.2%
Archer ×170 · Monk ×3 · Trebuchet (Packed) ×3
Feudal
13:34
Castle
19:19
Imperial
34:10
| APM avg | 9.5 |
| APM peak | 26 |
| eAPM avg | 8.3 |
| Villagers / military | 115 / 59 |
Focus
⚔️ 28.2% · 🌾 71.8%
Ballista Elephant ×58 · Trade Cart ×17 · Trebuchet (Packed) ×1
Match map
Initial resources + every placement click. Lines = walls · curves = elevation contours. ◆ gold · ⬟ stone · ● berries · ✦ relic · ◌ wall gap
Your base· ✓ Closed at 28:15 · 50t walls · 1 gate(s)
GENERAL STORM's base· ✓ Closed at 16:40 · 1t walls · no gate
Alliceon's base· ✓ Closed at 32:52 · 54t walls · no gate
gkalounias's base· ✓ Closed at 30:14 · 84t walls · 2 gate(s)
Vatra_3052's base· ✓ Closed at 21:42 · 13t walls · no gate
ntukis's base· ✓ Closed at 27:55 · 0t walls · no gate
PersianAria95's base· ✓ Closed at 18:09 · 0t walls · no gate
Tepisooo's base· ✓ Closed at 19:19 · 12t walls · 3 gate(s)
Smoothed initial terrain · ◌ = detected wall gap · hover for details
Inputs per minute
— fishburn - - GENERAL STORM
Build order — fishburn
First 150 of 430 actions detected
| 0:12 | Build | House |
| 0:14 | Build | House |
| 0:19 | Create | Villager (Male) |
| 0:19 | Create | Villager (Male) |
| 0:19 | Create | Villager (Male) |
| 0:19 | Create | Villager (Male) |
| 2:26 | Build | Lumber Camp |
| 2:31 | Create | Villager (Male) |
| 2:32 | Create | Villager (Male) |
| 3:41 | Create | Villager (Male) |
| 4:28 | Create | Villager (Male) |
| 4:29 | Create | Villager (Male) |
| 4:52 | Create | Villager (Male) |
| 5:00 | Build | House |
| 5:05 | Build | House |
| 6:14 | Create | Villager (Male) |
| 6:14 | Create | Villager (Male) |
| 7:29 | Create | Villager (Male) |
| 7:29 | Create | Villager (Male) |
| 7:31 | Create | Villager (Male) |
| 10:24 | Build | Palisade Wall |
| 10:31 | Create | Villager (Male) |
| 10:31 | Create | Villager (Male) |
| 10:34 | Create | Villager (Male) |
| 10:35 | Create | Villager (Male) |
| 10:36 | Create | Villager (Male) |
| 10:37 | Create | Villager (Male) |
| 10:38 | Create | Villager (Male) |
| 10:58 | Build | Palisade Gate |
| 12:08 | Build | Mill |
| 13:04 | Research | Feudal Age |
| 13:51 | Build | Barracks |
| 14:34 | Create | Villager (Male) |
| 14:35 | Create | Villager (Male) |
| 14:42 | Build | House |
| 14:44 | Age | Feudal Age |
| 14:46 | Build | House |
| 14:47 | Build | House |
| 15:01 | Build | Stable |
| 15:43 | Build | Blacksmith |
| 16:04 | Build | Watch Tower |
| 16:12 | Create | Scout Cavalry |
| 16:13 | Create | Scout Cavalry |
| 16:13 | Create | Scout Cavalry |
| 16:13 | Create | Scout Cavalry |
| 16:14 | Create | Scout Cavalry |
| 16:14 | Create | Scout Cavalry |
| 16:14 | Create | Scout Cavalry |
| 16:14 | Create | Scout Cavalry |
| 16:29 | Create | Villager (Male) |
| 17:17 | Build | Mining Camp |
| 17:55 | Research | Forging |
| 18:01 | Create | Villager (Male) |
| 18:01 | Create | Villager (Male) |
| 20:22 | Build | Farm |
| 20:23 | Build | Farm |
| 20:23 | Build | Farm |
| 20:24 | Build | Farm |
| 20:24 | Build | Farm |
| 20:25 | Build | Farm |
| 20:25 | Build | Farm |
| 20:25 | Build | Farm |
| 20:26 | Build | Farm |
| 21:59 | Build | Mining Camp |
| 22:20 | Build | Market |
| 23:25 | Build | Stone Wall |
| 23:34 | Build | Stone Wall |
| 24:34 | Create | Villager (Male) |
| 24:34 | Create | Villager (Male) |
| 24:34 | Create | Villager (Male) |
| 24:34 | Create | Villager (Male) |
| 24:35 | Create | Villager (Male) |
| 25:23 | Research | Castle Age |
| 25:28 | Build | Farm |
| 26:31 | Build | Stone Wall |
| 26:41 | Build | Stone Wall |
| 26:56 | Build | Farm |
| 26:57 | Build | Farm |
| 26:57 | Build | Farm |
| 27:38 | Build | Stone Wall |
| 28:08 | Build | House |
| 28:10 | Build | House |
| 28:11 | Build | House |
| 28:12 | Build | House |
| 28:15 | Build | House |
| 28:15 | Age | Castle Age |
| 28:29 | Research | Husbandry |
| 29:00 | Create | Villager (Male) |
| 29:00 | Create | Villager (Male) |
| 29:01 | Create | Villager (Male) |
| 29:01 | Create | Villager (Male) |
| 30:34 | Build | Town Center |
| 31:02 | Build | Farm |
| 31:27 | Create | Villager (Male) |
| 31:27 | Create | Villager (Male) |
| 31:27 | Create | Villager (Male) |
| 31:27 | Create | Villager (Male) |
| 31:28 | Create | Villager (Male) |
| 31:28 | Create | Villager (Male) |
| 31:40 | Research | Horse Collar |
| 32:28 | Create | Villager (Male) |
| 32:28 | Create | Villager (Male) |
| 32:28 | Create | Villager (Male) |
| 32:28 | Create | Villager (Male) |
| 32:29 | Create | Villager (Male) |
| 32:29 | Create | Villager (Male) |
| 32:44 | Build | Town Center |
| 32:58 | Create | Villager (Male) |
| 32:58 | Create | Villager (Male) |
| 32:59 | Create | Villager (Male) |
| 32:59 | Create | Villager (Male) |
| 32:59 | Create | Villager (Male) |
| 33:00 | Create | Villager (Male) |
| 33:49 | Build | Town Center |
| 34:01 | Create | Villager (Male) |
| 34:01 | Create | Villager (Male) |
| 34:01 | Create | Villager (Male) |
| 34:01 | Create | Villager (Male) |
| 34:02 | Create | Villager (Male) |
| 34:02 | Create | Villager (Male) |
| 34:02 | Create | Villager (Male) |
| 34:02 | Create | Villager (Male) |
| 34:02 | Create | Villager (Male) |
| 34:40 | Create | Villager (Male) |
| 34:40 | Create | Villager (Male) |
| 34:40 | Create | Villager (Male) |
| 35:14 | Create | Villager (Male) |
| 35:15 | Create | Villager (Male) |
| 35:16 | Create | Villager (Male) |
| 35:50 | Create | Villager (Male) |
| 35:50 | Create | Villager (Male) |
| 35:51 | Create | Villager (Male) |
| 35:51 | Create | Villager (Male) |
| 36:07 | Build | Farm |
| 36:07 | Build | Farm |
| 36:07 | Build | Farm |
| 36:09 | Build | Farm |
| 36:23 | Build | Farm |
| 36:23 | Build | Farm |
| 36:23 | Build | Farm |
| 36:46 | Research | Heavy Plow |
| 36:56 | Research | Double-Bit Axe |
| 37:00 | Create | Villager (Male) |
| 37:01 | Create | Villager (Male) |
| 37:10 | Build | Farm |
| 37:27 | Create | Villager (Male) |
| 37:28 | Create | Villager (Male) |
| 37:28 | Create | Villager (Male) |
| 37:34 | Build | Farm |
| 37:48 | Build | Farm |
Build order — GENERAL STORM
First 150 of 926 actions detected
| 0:04 | Create | Villager (Male) |
| 0:04 | Create | Villager (Male) |
| 0:04 | Create | Villager (Male) |
| 0:05 | Create | Villager (Male) |
| 0:05 | Create | Villager (Male) |
| 0:05 | Create | Villager (Male) |
| 0:05 | Create | Villager (Male) |
| 0:12 | Build | House |
| 0:32 | Research | Loom |
| 0:33 | Create | Villager (Male) ×5 |
| 0:33 | Create | Villager (Male) |
| 0:59 | Build | House |
| 1:03 | Build | House |
| 1:07 | Build | House |
| 1:10 | Build | House |
| 1:28 | Build | Palisade Wall |
| 2:13 | Create | Villager (Male) |
| 3:15 | Create | Villager (Male) |
| 3:16 | Create | Villager (Male) |
| 3:54 | Build | Lumber Camp |
| 4:06 | Create | Villager (Male) |
| 4:35 | Create | Villager (Male) |
| 4:35 | Create | Villager (Male) |
| 4:36 | Create | Villager (Male) |
| 5:05 | Create | Villager (Male) |
| 5:05 | Create | Villager (Male) |
| 5:12 | Build | House |
| 5:40 | Build | House |
| 6:00 | Create | Villager (Male) |
| 6:35 | Create | Villager (Male) |
| 6:35 | Create | Villager (Male) |
| 6:35 | Create | Villager (Male) |
| 6:36 | Create | Villager (Male) |
| 7:07 | Build | Mill |
| 7:23 | Build | Mill |
| 8:00 | Build | Mill |
| 8:12 | Create | Villager (Male) |
| 8:12 | Create | Villager (Male) |
| 8:12 | Create | Villager (Male) |
| 8:12 | Create | Villager (Male) |
| 8:26 | Build | House |
| 8:30 | Build | House |
| 9:41 | Research | Feudal Age |
| 10:40 | Build | Mining Camp |
| 12:36 | Age | Feudal Age |
| 12:42 | Build | Market |
| 12:44 | Create | Villager (Male) |
| 12:45 | Create | Villager (Male) |
| 12:59 | Build | Blacksmith |
| 13:16 | Research | Double-Bit Axe |
| 14:00 | Research | Castle Age |
| 14:33 | Build | Mining Camp |
| 14:54 | Research | Horse Collar |
| 16:40 | Age | Castle Age |
| 16:48 | Build | Monastery |
| 17:01 | Build | Town Center |
| 17:04 | Create | Villager (Male) |
| 17:05 | Create | Villager (Male) |
| 17:05 | Create | Villager (Male) |
| 17:30 | Build | Town Center |
| 17:36 | Create | Monk |
| 17:41 | Create | Villager (Male) |
| 17:50 | Research | Bow Saw |
| 18:02 | Research | Heavy Plow |
| 18:30 | Create | Villager (Male) |
| 18:32 | Create | Villager (Male) |
| 18:59 | Create | Villager (Male) |
| 18:59 | Create | Villager (Male) |
| 18:59 | Create | Villager (Male) |
| 19:03 | Build | Farm |
| 19:09 | Build | Farm |
| 19:10 | Build | Farm |
| 19:16 | Build | Farm |
| 19:46 | Create | Villager (Male) |
| 19:50 | Create | Villager (Male) |
| 19:50 | Create | Villager (Male) |
| 19:56 | Build | Farm |
| 20:00 | Build | Farm |
| 20:01 | Build | Farm |
| 20:07 | Create | Villager (Male) |
| 20:07 | Create | Villager (Male) |
| 20:07 | Create | Villager (Male) |
| 20:17 | Build | Farm |
| 20:18 | Build | Farm |
| 20:19 | Build | Farm |
| 20:20 | Build | Farm |
| 20:21 | Build | Farm |
| 20:29 | Create | Villager (Male) |
| 20:33 | Build | Farm |
| 20:34 | Build | Farm |
| 20:39 | Build | Farm |
| 20:40 | Build | Farm |
| 20:45 | Build | Farm |
| 21:04 | Create | Villager (Male) |
| 21:12 | Build | House |
| 21:15 | Build | House |
| 21:17 | Build | House |
| 21:30 | Research | Wheelbarrow |
| 21:33 | Create | Villager (Male) |
| 21:41 | Build | House |
| 21:42 | Build | House |
| 21:47 | Create | Villager (Male) |
| 21:53 | Build | Farm |
| 22:00 | Create | Villager (Male) |
| 22:01 | Create | Villager (Male) |
| 22:32 | Build | Mill |
| 22:40 | Create | Villager (Male) |
| 22:40 | Create | Villager (Male) |
| 22:41 | Create | Villager (Male) |
| 22:41 | Create | Villager (Male) |
| 22:56 | Create | Villager (Male) |
| 22:56 | Create | Villager (Male) |
| 23:14 | Build | Farm |
| 23:14 | Build | Farm |
| 23:20 | Build | Farm |
| 23:50 | Create | Villager (Male) |
| 23:51 | Create | Villager (Male) |
| 23:51 | Create | Villager (Male) |
| 23:51 | Create | Villager (Male) |
| 23:52 | Create | Villager (Male) |
| 24:30 | Build | Town Center |
| 24:39 | Create | Villager (Male) |
| 24:39 | Create | Villager (Male) |
| 24:40 | Create | Villager (Male) |
| 24:40 | Create | Villager (Male) |
| 24:40 | Create | Villager (Male) |
| 24:40 | Research | Hand Cart |
| 25:02 | Create | Villager (Male) |
| 25:02 | Create | Villager (Male) |
| 25:03 | Research | Hand Cart |
| 25:15 | Build | House |
| 25:18 | Build | House |
| 25:27 | Build | House |
| 25:28 | Build | House |
| 25:32 | Build | House |
| 25:34 | Build | House |
| 25:36 | Build | House |
| 25:37 | Build | House |
| 25:40 | Build | House |
| 25:42 | Build | House |
| 25:44 | Build | House |
| 26:04 | Create | Villager (Male) |
| 26:04 | Create | Villager (Male) |
| 26:04 | Create | Villager (Male) |
| 26:04 | Create | Villager (Male) |
| 26:04 | Create | Villager (Male) |
| 26:18 | Create | Villager (Male) |
| 26:18 | Create | Villager (Male) |
| 26:34 | Create | Villager (Male) |
| 26:34 | Create | Villager (Male) |
Build order — Alliceon
First 150 of 244 actions detected
| 0:06 | Build | House |
| 0:08 | Build | House |
| 0:14 | Create | Villager (Male) |
| 0:14 | Create | Villager (Male) |
| 0:14 | Create | Villager (Male) |
| 1:56 | Build | Palisade Wall |
| 2:38 | Create | Villager (Male) |
| 2:38 | Create | Villager (Male) |
| 2:38 | Create | Villager (Male) |
| 4:26 | Build | Palisade Wall |
| 5:53 | Build | Palisade Wall |
| 6:23 | Create | Villager (Male) |
| 6:23 | Create | Villager (Male) |
| 7:15 | Create | Villager (Male) |
| 7:49 | Create | Villager (Male) |
| 7:50 | Create | Villager (Male) |
| 7:58 | Build | House |
| 7:59 | Build | House |
| 8:01 | Build | House |
| 8:25 | Build | Mill |
| 8:47 | Build | Palisade Wall |
| 8:51 | Create | Villager (Male) |
| 9:31 | Create | Villager (Male) |
| 10:47 | Build | Palisade Wall |
| 10:58 | Build | House |
| 11:04 | Create | Villager (Male) |
| 11:46 | Create | Villager (Male) |
| 11:50 | Create | Villager (Male) |
| 12:34 | Build | Palisade Wall |
| 14:51 | Build | Mill |
| 15:18 | Build | Lumber Camp |
| 16:06 | Build | Palisade Wall |
| 16:15 | Create | Villager (Male) |
| 16:51 | Build | Palisade Wall |
| 17:22 | Build | Palisade Wall |
| 17:30 | Create | Villager (Male) |
| 17:31 | Create | Villager (Male) |
| 17:33 | Create | Villager (Male) |
| 18:45 | Create | Villager (Male) |
| 19:48 | Build | Mining Camp |
| 20:54 | Research | Feudal Age |
| 22:01 | Build | Farm |
| 22:08 | Build | Farm |
| 22:22 | Build | Farm |
| 22:35 | Create | Villager (Male) |
| 22:58 | Build | Farm |
| 23:03 | Build | Farm |
| 23:04 | Age | Feudal Age |
| 23:06 | Create | Villager (Male) |
| 23:08 | Create | Villager (Male) |
| 23:28 | Build | Mining Camp |
| 23:35 | Create | Villager (Male) |
| 23:35 | Create | Villager (Male) |
| 23:43 | Create | Villager (Male) |
| 23:52 | Build | Farm |
| 23:56 | Build | Farm |
| 23:59 | Build | Farm |
| 24:25 | Build | House |
| 24:27 | Build | House |
| 24:29 | Build | House |
| 24:39 | Create | Villager (Male) |
| 24:40 | Create | Villager (Male) |
| 25:43 | Build | Market |
| 25:54 | Build | Farm |
| 26:03 | Build | Farm |
| 26:05 | Create | Villager (Male) |
| 26:07 | Create | Villager (Male) |
| 26:14 | Create | Villager (Male) |
| 26:31 | Build | House |
| 26:32 | Build | House |
| 27:06 | Create | Villager (Male) |
| 27:37 | Build | Blacksmith |
| 27:49 | Build | House |
| 27:51 | Build | House |
| 28:07 | Create | Villager (Male) |
| 28:07 | Create | Villager (Male) |
| 28:07 | Create | Villager (Male) |
| 28:12 | Build | Farm |
| 28:32 | Build | Farm |
| 28:53 | Build | House |
| 28:55 | Build | House |
| 29:17 | Create | Villager (Male) |
| 29:18 | Create | Villager (Male) |
| 29:25 | Build | Farm |
| 29:46 | Research | Castle Age |
| 30:06 | Build | House |
| 30:08 | Build | House |
| 30:20 | Build | Farm |
| 30:32 | Build | Lumber Camp |
| 30:37 | Research | Double-Bit Axe |
| 30:45 | Research | Horse Collar |
| 30:51 | Research | Gold Mining |
| 31:05 | Research | Padded Archer Armor |
| 31:24 | Build | House |
| 31:34 | Create | Villager (Male) |
| 31:35 | Create | Villager (Male) |
| 31:36 | Research | Loom |
| 31:53 | Research | Fletching |
| 32:28 | Build | House |
| 32:52 | Age | Castle Age |
| 33:04 | Build | Town Center |
| 33:30 | Create | Villager (Male) |
| 33:30 | Create | Villager (Male) |
| 33:31 | Create | Villager (Male) |
| 33:31 | Create | Villager (Male) |
| 33:56 | Build | Monastery |
| 34:07 | Create | Villager (Male) |
| 34:11 | Create | Villager (Male) |
| 34:26 | Create | Villager (Male) |
| 34:26 | Create | Villager (Male) |
| 34:57 | Build | Town Center |
| 35:08 | Create | Villager (Male) |
| 35:08 | Create | Villager (Male) |
| 35:09 | Create | Villager (Male) |
| 35:09 | Create | Villager (Male) |
| 35:10 | Create | Villager (Male) |
| 35:16 | Create | Monk |
| 35:17 | Create | Monk |
| 35:25 | Create | Villager (Male) |
| 35:26 | Create | Villager (Male) |
| 35:26 | Create | Villager (Male) |
| 35:38 | Build | Mining Camp |
| 35:50 | Create | Villager (Male) |
| 35:50 | Create | Villager (Male) |
| 35:51 | Create | Villager (Male) |
| 35:52 | Create | Villager (Male) |
| 36:06 | Build | Mining Camp |
| 36:20 | Build | Farm |
| 36:28 | Build | Farm |
| 36:31 | Build | Farm |
| 36:40 | Create | Villager (Male) |
| 36:41 | Create | Villager (Male) |
| 36:51 | Build | Farm |
| 37:19 | Build | Farm |
| 37:36 | Build | Farm |
| 37:46 | Build | Farm |
| 37:52 | Create | Trade Cart |
| 37:52 | Create | Trade Cart |
| 37:52 | Create | Trade Cart |
| 37:58 | Create | Villager (Male) |
| 37:59 | Create | Villager (Male) |
| 38:13 | Build | Farm |
| 38:21 | Create | Villager (Male) |
| 38:22 | Create | Villager (Male) |
| 38:33 | Create | Villager (Male) |
| 38:33 | Create | Villager (Male) |
| 38:35 | Create | Villager (Male) |
| 38:35 | Create | Villager (Male) |
| 38:39 | Create | Villager (Male) |
| 38:40 | Create | Villager (Male) |
Build order — gkalounias
First 150 of 321 actions detected
| 0:02 | Research | Loom |
| 0:04 | Create | Villager (Male) |
| 0:04 | Create | Villager (Male) |
| 0:04 | Create | Villager (Male) |
| 0:04 | Create | Villager (Male) |
| 0:05 | Create | Villager (Male) |
| 0:11 | Build | House |
| 0:13 | Build | House |
| 0:14 | Build | House |
| 2:52 | Build | Palisade Wall |
| 3:19 | Build | Palisade Gate |
| 4:26 | Create | Villager (Male) |
| 4:26 | Create | Villager (Male) |
| 4:27 | Create | Villager (Male) |
| 4:27 | Create | Villager (Male) |
| 4:27 | Create | Villager (Male) |
| 7:17 | Create | Villager (Male) |
| 7:17 | Create | Villager (Male) |
| 7:17 | Create | Villager (Male) |
| 7:18 | Create | Villager (Male) |
| 7:52 | Create | Villager (Male) |
| 7:52 | Create | Villager (Male) |
| 7:52 | Create | Villager (Male) |
| 7:52 | Create | Villager (Male) |
| 7:53 | Create | Villager (Male) |
| 8:09 | Build | Palisade Wall |
| 8:27 | Create | Villager (Male) |
| 8:28 | Create | Villager (Male) |
| 10:27 | Build | Palisade Wall |
| 10:57 | Build | Lumber Camp |
| 11:43 | Build | Palisade Wall |
| 11:57 | Create | Villager (Male) |
| 11:58 | Create | Villager (Male) |
| 11:58 | Create | Villager (Male) |
| 11:58 | Create | Villager (Male) |
| 11:59 | Create | Villager (Male) |
| 12:33 | Build | House |
| 12:34 | Build | House |
| 13:52 | Build | Mill |
| 15:08 | Build | Outpost |
| 15:16 | Build | Outpost |
| 15:40 | Build | Mining Camp |
| 16:02 | Research | Feudal Age |
| 16:16 | Build | Mill |
| 16:17 | Build | Mill |
| 18:12 | Age | Feudal Age |
| 18:29 | Research | Town Watch |
| 18:29 | Research | Wheelbarrow |
| 19:07 | Create | Villager (Male) |
| 19:07 | Create | Villager (Male) |
| 19:07 | Create | Villager (Male) |
| 19:08 | Create | Villager (Male) |
| 19:08 | Create | Villager (Male) |
| 19:08 | Create | Villager (Male) |
| 19:08 | Create | Villager (Male) |
| 19:37 | Build | Stone Wall |
| 19:51 | Research | Horse Collar |
| 20:25 | Build | Gate |
| 21:15 | Build | Mill |
| 21:42 | Build | Outpost |
| 21:49 | Build | Outpost |
| 22:11 | Research | Double-Bit Axe |
| 22:34 | Build | Outpost |
| 22:45 | Build | Outpost |
| 23:17 | Build | Mining Camp |
| 23:37 | Build | Lumber Camp |
| 23:53 | Build | Outpost |
| 24:07 | Build | Market |
| 24:37 | Build | Mining Camp |
| 24:44 | Create | Villager (Male) |
| 24:45 | Create | Villager (Male) |
| 24:46 | Create | Villager (Male) |
| 24:59 | Build | Blacksmith |
| 26:12 | Build | Farm |
| 26:13 | Build | Farm |
| 26:15 | Build | Farm |
| 26:30 | Build | Farm |
| 26:41 | Build | Farm |
| 26:53 | Build | Farm |
| 27:13 | Build | Farm |
| 27:22 | Build | Farm |
| 27:24 | Build | Farm |
| 27:34 | Research | Castle Age |
| 27:42 | Build | House |
| 27:44 | Build | House |
| 28:14 | Build | Stone Wall |
| 28:22 | Build | Stone Wall |
| 28:56 | Build | House |
| 28:58 | Build | House |
| 28:59 | Build | House |
| 29:01 | Build | House |
| 29:18 | Create | Trade Cart |
| 29:18 | Create | Trade Cart |
| 29:18 | Create | Trade Cart |
| 30:14 | Age | Castle Age |
| 30:22 | Build | Town Center |
| 30:27 | Research | Bow Saw |
| 30:30 | Create | Villager (Male) |
| 30:31 | Create | Villager (Male) |
| 30:31 | Create | Villager (Male) |
| 30:31 | Create | Villager (Male) |
| 30:31 | Create | Villager (Male) |
| 30:32 | Create | Villager (Male) |
| 30:32 | Create | Villager (Male) |
| 30:32 | Create | Villager (Male) |
| 30:32 | Create | Villager (Male) |
| 30:57 | Build | Stone Wall |
| 31:03 | Build | Stone Wall |
| 31:21 | Research | Heavy Plow |
| 31:52 | Create | Villager (Male) |
| 31:52 | Create | Villager (Male) |
| 31:52 | Create | Villager (Male) |
| 31:53 | Create | Villager (Male) |
| 31:53 | Create | Villager (Male) |
| 31:53 | Create | Villager (Male) |
| 32:05 | Build | University |
| 32:15 | Build | Farm |
| 32:28 | Build | Farm |
| 32:29 | Build | Farm |
| 32:55 | Create | Villager (Male) |
| 32:55 | Create | Villager (Male) |
| 32:55 | Create | Villager (Male) |
| 33:03 | Build | Outpost |
| 33:23 | Build | Stone Wall |
| 33:35 | Build | Stone Wall |
| 33:44 | Build | Stone Wall |
| 33:55 | Create | Villager (Male) |
| 33:55 | Create | Villager (Male) |
| 33:55 | Create | Villager (Male) |
| 33:56 | Create | Villager (Male) |
| 34:01 | Create | Villager (Male) |
| 34:01 | Create | Villager (Male) |
| 34:02 | Create | Villager (Male) |
| 34:02 | Create | Villager (Male) |
| 34:11 | Build | Monastery |
| 34:25 | Build | Town Center |
| 34:33 | Build | Outpost |
| 34:50 | Create | Villager (Male) |
| 34:50 | Create | Villager (Male) |
| 35:16 | Create | Monk |
| 35:25 | Build | Monastery |
| 35:27 | Research | Fortified Wall (upgrade) |
| 35:37 | Create | Villager (Male) |
| 35:38 | Create | Villager (Male) |
| 35:38 | Create | Villager (Male) |
| 35:38 | Create | Villager (Male) |
| 35:59 | Create | Monk |
| 36:10 | Create | Monk |
| 36:20 | Build | Farm |
| 36:30 | Create | Villager (Male) |
Build order — Vatra_3052
First 150 of 406 actions detected
| 0:28 | Create | Villager (Male) |
| 0:28 | Create | Villager (Male) |
| 0:28 | Create | Villager (Male) |
| 0:29 | Create | Villager (Male) |
| 0:34 | Build | House |
| 0:35 | Build | House |
| 0:36 | Build | House |
| 1:13 | Build | Palisade Wall |
| 2:50 | Build | Lumber Camp |
| 2:57 | Create | Villager (Male) |
| 2:57 | Create | Villager (Male) |
| 2:57 | Create | Villager (Male) |
| 3:43 | Research | Loom |
| 3:46 | Create | Villager (Male) |
| 4:24 | Create | Villager (Male) |
| 4:25 | Create | Villager (Male) |
| 4:34 | Create | Villager (Male) |
| 6:18 | Create | Villager (Male) |
| 6:18 | Create | Villager (Male) |
| 6:18 | Create | Villager (Male) |
| 6:19 | Create | Villager (Male) |
| 6:37 | Build | Mill |
| 7:01 | Create | Villager (Male) |
| 7:01 | Create | Villager (Male) |
| 8:55 | Build | House |
| 11:58 | Research | Feudal Age |
| 12:09 | Build | Barracks |
| 12:39 | Build | Barracks |
| 13:36 | Build | Mining Camp |
| 13:46 | Create | Militia |
| 13:46 | Create | Militia |
| 14:08 | Age | Feudal Age |
| 14:10 | Build | Mill |
| 14:28 | Create | Villager (Male) |
| 14:29 | Create | Villager (Male) |
| 15:04 | Create | Militia |
| 15:44 | Research | Man-at-Arms (upgrade) |
| 16:04 | Build | Market |
| 16:09 | Build | Blacksmith |
| 16:43 | Create | Militia |
| 16:43 | Create | Militia |
| 16:44 | Create | Militia |
| 16:45 | Create | Militia |
| 16:45 | Create | Militia |
| 17:26 | Build | House |
| 17:27 | Build | House |
| 17:28 | Build | House |
| 18:42 | Build | House |
| 18:43 | Build | House |
| 19:02 | Research | Castle Age |
| 19:50 | Build | House |
| 21:03 | Build | Farm |
| 21:04 | Build | Farm |
| 21:05 | Build | Farm |
| 21:06 | Build | Farm |
| 21:07 | Build | Farm |
| 21:08 | Build | Farm |
| 21:09 | Build | Farm |
| 21:11 | Build | Farm |
| 21:15 | Research | Horse Collar |
| 21:19 | Research | Double-Bit Axe |
| 21:42 | Age | Castle Age |
| 22:06 | Build | Town Center |
| 23:07 | Create | Villager (Male) |
| 23:08 | Create | Villager (Male) |
| 23:08 | Create | Villager (Male) |
| 23:08 | Create | Villager (Male) |
| 23:09 | Create | Villager (Male) |
| 23:25 | Create | Villager (Male) |
| 23:25 | Create | Villager (Male) |
| 23:29 | Create | Villager (Male) |
| 23:45 | Build | Mining Camp |
| 24:02 | Build | Farm |
| 24:44 | Create | Villager (Male) |
| 24:45 | Create | Villager (Male) |
| 24:45 | Create | Villager (Male) |
| 24:52 | Build | Farm |
| 24:56 | Build | Farm |
| 25:00 | Build | Farm |
| 25:10 | Create | Villager (Male) |
| 25:10 | Create | Villager (Male) |
| 25:57 | Build | Town Center |
| 26:08 | Create | Villager (Male) |
| 26:08 | Create | Villager (Male) |
| 26:12 | Create | Villager (Male) |
| 26:12 | Create | Villager (Male) |
| 26:26 | Create | Villager (Male) |
| 26:32 | Create | Villager (Male) |
| 27:12 | Create | Villager (Male) |
| 27:12 | Create | Villager (Male) |
| 27:12 | Create | Villager (Male) |
| 27:27 | Create | Villager (Male) |
| 27:33 | Build | Farm |
| 27:36 | Build | Farm |
| 27:40 | Build | Farm |
| 27:50 | Create | Villager (Male) |
| 27:50 | Create | Villager (Male) |
| 28:00 | Build | Farm |
| 28:05 | Build | Farm |
| 28:10 | Create | Villager (Male) |
| 29:16 | Build | Castle |
| 29:32 | Create | Villager (Male) |
| 29:33 | Create | Villager (Male) |
| 29:33 | Create | Villager (Male) |
| 29:37 | Create | Villager (Male) |
| 29:37 | Create | Villager (Male) |
| 29:38 | Create | Villager (Male) |
| 29:38 | Create | Villager (Male) |
| 29:47 | Create | Villager (Male) |
| 29:47 | Create | Villager (Male) |
| 29:47 | Create | Villager (Male) |
| 29:57 | Build | House |
| 29:59 | Build | House |
| 30:00 | Build | House |
| 30:01 | Build | House |
| 30:01 | Build | House |
| 30:03 | Build | House |
| 30:04 | Build | House |
| 30:05 | Build | House |
| 30:28 | Build | Barracks |
| 30:34 | Build | Barracks |
| 30:58 | Create | Villager (Male) |
| 30:58 | Create | Villager (Male) |
| 31:02 | Create | Villager (Male) |
| 31:02 | Create | Villager (Male) |
| 31:02 | Create | Villager (Male) |
| 31:03 | Create | Villager (Male) |
| 31:08 | Create | Villager (Male) |
| 31:08 | Create | Villager (Male) |
| 31:09 | Create | Villager (Male) |
| 31:20 | Build | Farm |
| 31:27 | Build | Farm |
| 31:33 | Build | Farm |
| 31:51 | Build | Farm |
| 31:53 | Build | Farm |
| 31:54 | Build | Farm |
| 32:04 | Build | Barracks |
| 32:08 | Build | Barracks |
| 32:18 | Create | Villager (Male) |
| 32:19 | Create | Villager (Male) |
| 32:19 | Create | Villager (Male) |
| 32:20 | Create | Villager (Male) |
| 32:24 | Create | Villager (Male) |
| 32:24 | Create | Villager (Male) |
| 32:25 | Create | Villager (Male) |
| 32:29 | Create | Villager (Male) |
| 32:29 | Create | Villager (Male) |
| 32:38 | Build | Farm |
| 33:03 | Build | Mining Camp |
| 33:42 | Research | Anarchy |
Build order — ntukis
First 150 of 391 actions detected
| 0:21 | Build | House |
| 0:23 | Build | House |
| 0:26 | Create | Villager (Male) |
| 0:26 | Research | Loom |
| 0:27 | Create | Villager (Male) |
| 0:27 | Create | Villager (Male) |
| 0:27 | Create | Villager (Male) |
| 2:19 | Create | Villager (Male) |
| 2:54 | Create | Villager (Male) |
| 3:12 | Build | Mill |
| 4:36 | Create | Villager (Male) |
| 4:37 | Create | Villager (Male) |
| 4:37 | Create | Villager (Male) |
| 4:37 | Create | Villager (Male) |
| 4:38 | Create | Villager (Male) |
| 5:43 | Create | Villager (Male) |
| 6:19 | Build | House |
| 7:04 | Build | Barracks |
| 7:19 | Create | Villager (Male) |
| 7:20 | Create | Villager (Male) |
| 7:20 | Create | Villager (Male) |
| 7:59 | Create | Villager (Male) |
| 8:57 | Build | Mining Camp |
| 8:59 | Create | Militia |
| 9:21 | Create | Militia |
| 10:05 | Build | Lumber Camp |
| 10:10 | Research | Feudal Age |
| 10:46 | Create | Militia |
| 11:36 | Create | Militia |
| 11:49 | Build | House |
| 11:51 | Build | House |
| 12:20 | Age | Feudal Age |
| 12:36 | Create | Militia |
| 12:44 | Create | Villager (Male) |
| 12:45 | Create | Villager (Male) |
| 13:31 | Create | Militia |
| 14:31 | Create | Militia |
| 14:53 | Build | Farm |
| 14:54 | Build | Farm |
| 15:52 | Build | Mining Camp |
| 15:54 | Create | Villager (Male) |
| 15:55 | Create | Villager (Male) |
| 16:26 | Build | Farm |
| 16:28 | Create | Villager (Male) |
| 16:29 | Create | Villager (Male) |
| 16:29 | Create | Villager (Male) |
| 16:30 | Create | Villager (Male) |
| 16:30 | Create | Villager (Male) |
| 16:30 | Create | Villager (Male) |
| 16:30 | Create | Villager (Male) |
| 17:35 | Build | Farm |
| 17:36 | Build | Farm |
| 17:40 | Create | Villager (Male) |
| 17:40 | Create | Villager (Male) |
| 17:41 | Create | Villager (Male) |
| 17:41 | Create | Villager (Male) |
| 18:34 | Build | Farm |
| 18:35 | Build | Farm |
| 18:38 | Build | Farm |
| 19:28 | Build | Mining Camp |
| 20:09 | Create | Villager (Male) |
| 20:10 | Create | Villager (Male) |
| 20:49 | Build | House |
| 20:50 | Build | House |
| 20:58 | Build | Farm |
| 21:15 | Build | Mill |
| 21:52 | Build | Market |
| 21:56 | Research | Double-Bit Axe |
| 21:59 | Research | Horse Collar |
| 22:04 | Create | Villager (Male) |
| 22:06 | Create | Villager (Male) |
| 23:09 | Build | Farm |
| 23:10 | Build | Farm |
| 23:48 | Build | Blacksmith |
| 23:57 | Build | Farm |
| 24:00 | Create | Villager (Male) |
| 24:00 | Create | Villager (Male) |
| 24:00 | Create | Villager (Male) |
| 24:00 | Create | Villager (Male) |
| 24:01 | Create | Villager (Male) |
| 24:01 | Create | Villager (Male) |
| 24:01 | Create | Villager (Male) |
| 24:01 | Create | Villager (Male) |
| 24:02 | Create | Villager (Male) |
| 24:57 | Research | Castle Age |
| 27:23 | Create | Trade Cart |
| 27:55 | Age | Castle Age |
| 28:06 | Build | Town Center |
| 28:23 | Create | Villager (Male) |
| 28:23 | Create | Villager (Male) |
| 28:24 | Create | Villager (Male) |
| 28:44 | Build | Town Center |
| 28:48 | Research | Bow Saw |
| 29:09 | Build | Town Center |
| 29:13 | Create | Villager (Male) |
| 29:14 | Research | Town Watch |
| 29:15 | Create | Villager (Male) |
| 29:15 | Create | Villager (Male) |
| 30:06 | Create | Villager (Male) |
| 30:06 | Create | Villager (Male) |
| 30:24 | Create | Villager (Male) |
| 30:24 | Create | Villager (Male) |
| 30:25 | Create | Villager (Male) |
| 30:50 | Build | Farm |
| 30:52 | Build | Farm |
| 30:55 | Create | Villager (Male) |
| 30:56 | Create | Villager (Male) |
| 30:56 | Create | Villager (Male) |
| 30:56 | Create | Villager (Male) |
| 30:57 | Create | Villager (Male) |
| 30:57 | Create | Villager (Male) |
| 30:58 | Create | Villager (Male) |
| 31:02 | Create | Villager (Male) |
| 31:03 | Create | Villager (Male) |
| 31:09 | Create | Villager (Male) |
| 31:09 | Create | Villager (Male) |
| 31:12 | Research | Stone Mining |
| 31:13 | Research | Gold Mining |
| 31:20 | Create | Villager (Male) |
| 31:55 | Build | Farm |
| 32:01 | Build | Farm |
| 32:03 | Build | Farm |
| 32:39 | Build | Town Center |
| 32:54 | Build | Castle |
| 33:11 | Build | Farm |
| 33:13 | Build | Farm |
| 33:27 | Build | University |
| 33:45 | Build | Monastery |
| 33:49 | Create | Villager (Male) |
| 33:50 | Create | Villager (Male) |
| 33:50 | Create | Villager (Male) |
| 33:57 | Create | Villager (Male) |
| 33:59 | Create | Villager (Male) |
| 34:02 | Create | Trade Cart |
| 34:03 | Research | Caravan |
| 34:04 | Create | Trade Cart |
| 34:29 | Build | House |
| 34:30 | Build | House |
| 34:38 | Create | Villager (Male) |
| 35:36 | Create | Villager (Male) |
| 35:41 | Create | Villager (Male) |
| 35:42 | Create | Villager (Male) |
| 35:52 | Create | Villager (Male) |
| 36:00 | Research | Imperial Age |
| 36:06 | Build | Farm |
| 36:08 | Build | Farm |
| 36:29 | Build | Siege Workshop |
| 36:33 | Build | Siege Workshop |
| 36:55 | Build | Farm |
| 36:58 | Create | Villager (Male) |
Build order — PersianAria95
First 150 of 475 actions detected
| 0:02 | Create | Villager (Male) |
| 0:02 | Create | Villager (Male) |
| 0:02 | Create | Villager (Male) |
| 0:03 | Create | Villager (Male) |
| 0:03 | Create | Villager (Male) |
| 0:06 | Build | House |
| 0:07 | Build | House |
| 1:34 | Create | Villager (Male) |
| 2:22 | Create | Villager (Male) |
| 2:38 | Create | Villager (Male) |
| 2:58 | Create | Villager (Male) |
| 2:58 | Create | Villager (Male) |
| 3:34 | Create | Villager (Male) |
| 4:06 | Build | House |
| 5:45 | Create | Villager (Male) |
| 5:45 | Create | Villager (Male) |
| 5:45 | Create | Villager (Male) |
| 5:45 | Create | Villager (Male) |
| 5:46 | Create | Villager (Male) |
| 5:46 | Create | Villager (Male) |
| 5:56 | Create | Villager (Male) |
| 5:56 | Create | Villager (Male) |
| 6:03 | Build | House |
| 6:27 | Build | Mill |
| 7:08 | Create | Villager (Male) |
| 7:08 | Create | Villager (Male) |
| 7:58 | Create | Villager (Male) |
| 7:58 | Create | Villager (Male) |
| 8:36 | Build | Mining Camp |
| 9:23 | Create | Villager (Male) |
| 9:27 | Create | Villager (Male) |
| 10:24 | Build | Lumber Camp |
| 10:53 | Build | Mining Camp |
| 11:15 | Research | Feudal Age |
| 13:25 | Age | Feudal Age |
| 13:38 | Build | Market |
| 13:43 | Build | Blacksmith |
| 13:50 | Research | Loom |
| 14:25 | Build | Farm |
| 14:28 | Build | Farm |
| 14:29 | Build | Farm |
| 14:32 | Build | Farm |
| 14:34 | Build | Farm |
| 15:29 | Research | Castle Age |
| 16:35 | Research | Double-Bit Axe |
| 16:39 | Research | Horse Collar |
| 17:46 | Build | Barracks |
| 18:09 | Age | Castle Age |
| 18:17 | Build | Town Center |
| 18:44 | Create | Villager (Male) |
| 18:44 | Create | Villager (Male) |
| 18:52 | Build | House |
| 18:55 | Build | House |
| 19:53 | Create | Villager (Male) ×5 |
| 20:05 | Build | House |
| 20:08 | Build | House |
| 20:17 | Build | Farm |
| 20:17 | Build | Farm |
| 20:17 | Build | Farm |
| 20:17 | Build | Farm |
| 20:17 | Build | Farm |
| 20:17 | Build | Farm |
| 20:17 | Build | Farm |
| 20:18 | Build | Farm |
| 20:18 | Build | Farm |
| 20:18 | Build | Farm |
| 20:18 | Build | Farm |
| 20:47 | Create | Villager (Male) ×3 |
| 20:55 | Build | Farm |
| 21:08 | Build | Farm |
| 21:16 | Build | Monastery |
| 21:25 | Create | Villager (Male) ×2 |
| 21:45 | Build | Farm |
| 21:58 | Build | Farm |
| 22:09 | Create | Villager (Male) ×3 |
| 22:09 | Create | Villager (Male) ×3 |
| 22:10 | Build | Farm |
| 22:15 | Create | Monk |
| 22:15 | Create | Monk |
| 22:16 | Create | Monk |
| 22:34 | Build | Farm |
| 22:44 | Create | Villager (Male) ×2 |
| 22:44 | Create | Villager (Male) ×2 |
| 22:55 | Build | House |
| 22:59 | Build | Farm |
| 23:22 | Research | Bow Saw |
| 23:25 | Build | Farm |
| 23:25 | Build | Farm |
| 23:25 | Build | Farm |
| 23:30 | Create | Villager (Male) |
| 23:44 | Build | Farm |
| 23:44 | Build | Farm |
| 23:44 | Build | Farm |
| 23:44 | Build | Farm |
| 23:55 | Build | Farm |
| 24:03 | Create | Villager (Male) ×3 |
| 24:03 | Create | Villager (Male) ×3 |
| 24:03 | Create | Villager (Male) ×3 |
| 24:23 | Build | Lumber Camp |
| 24:29 | Research | Gold Mining |
| 24:33 | Create | Villager (Male) |
| 24:33 | Create | Villager (Male) |
| 24:40 | Build | Farm |
| 25:17 | Build | Farm |
| 25:17 | Build | Farm |
| 25:17 | Build | Farm |
| 25:17 | Build | Farm |
| 25:42 | Research | Wheelbarrow |
| 25:43 | Create | Villager (Male) ×4 |
| 25:44 | Create | Villager (Male) ×4 |
| 26:36 | Build | Town Center |
| 26:43 | Research | Hand Cart |
| 26:46 | Create | Villager (Male) |
| 28:24 | Build | Castle |
| 28:30 | Create | Villager (Male) ×5 |
| 28:30 | Create | Villager (Male) ×5 |
| 28:30 | Create | Villager (Male) ×5 |
| 28:31 | Create | Villager (Male) ×4 |
| 28:51 | Build | Archery Range |
| 28:56 | Build | Archery Range |
| 29:01 | Build | Archery Range |
| 29:03 | Build | Archery Range |
| 29:21 | Build | Farm |
| 29:21 | Build | Farm |
| 29:28 | Build | House |
| 29:40 | Build | House |
| 29:46 | Research | Stone Mining |
| 29:52 | Research | Heavy Plow |
| 30:24 | Build | Farm |
| 30:24 | Build | Farm |
| 30:24 | Build | Farm |
| 30:24 | Build | Farm |
| 30:25 | Build | Farm |
| 30:25 | Build | Farm |
| 30:25 | Build | Farm |
| 30:25 | Build | Farm |
| 30:34 | Build | Farm |
| 30:34 | Build | Farm |
| 30:45 | Build | Archery Range |
| 30:48 | Build | Archery Range |
| 30:51 | Build | Archery Range |
| 31:04 | Research | Imperial Age |
| 31:11 | Create | Villager (Male) ×2 |
| 31:24 | Build | Farm |
| 31:24 | Build | Farm |
| 31:24 | Build | Farm |
| 31:38 | Research | Stone Shaft Mining |
| 31:49 | Build | Farm |
| 31:49 | Build | Farm |
| 31:50 | Build | Farm |
Build order — Tepisooo
First 150 of 271 actions detected
| 0:18 | Create | Villager (Male) |
| 0:19 | Create | Villager (Male) |
| 0:19 | Create | Villager (Male) |
| 0:19 | Create | Villager (Male) |
| 0:25 | Build | House |
| 0:27 | Build | House |
| 2:03 | Create | Villager (Male) |
| 2:28 | Create | Villager (Male) |
| 2:50 | Create | Villager (Male) |
| 3:37 | Build | Palisade Wall |
| 3:42 | Create | Villager (Male) |
| 3:48 | Create | Villager (Male) |
| 3:54 | Create | Villager (Male) |
| 4:09 | Build | House |
| 4:31 | Build | Palisade Gate |
| 4:38 | Create | Villager (Male) |
| 4:51 | Build | House |
| 6:10 | Create | Villager (Male) |
| 6:10 | Create | Villager (Male) |
| 6:11 | Create | Villager (Male) |
| 6:11 | Create | Villager (Male) |
| 6:17 | Build | Mill |
| 6:44 | Create | Villager (Male) |
| 7:48 | Create | Villager (Male) |
| 7:48 | Create | Villager (Male) |
| 7:48 | Create | Villager (Male) |
| 8:55 | Create | Villager (Male) |
| 8:56 | Create | Villager (Male) |
| 8:56 | Create | Villager (Male) |
| 8:56 | Create | Villager (Male) |
| 10:25 | Build | Mining Camp |
| 11:24 | Research | Feudal Age |
| 11:51 | Build | Lumber Camp |
| 13:02 | Build | Mining Camp |
| 13:34 | Age | Feudal Age |
| 13:51 | Build | Farm |
| 13:53 | Build | Farm |
| 13:59 | Build | Farm |
| 14:09 | Build | Farm |
| 14:27 | Build | Farm |
| 14:52 | Build | Farm |
| 15:36 | Build | Farm |
| 16:39 | Research | Castle Age |
| 17:12 | Build | Gate |
| 18:23 | Build | Stone Wall |
| 18:29 | Build | Gate |
| 19:19 | Age | Castle Age |
| 19:35 | Build | Town Center |
| 19:53 | Build | Castle |
| 19:58 | Create | Villager (Male) |
| 19:58 | Create | Villager (Male) |
| 19:59 | Create | Villager (Male) |
| 19:59 | Create | Villager (Male) |
| 19:59 | Create | Villager (Male) |
| 20:00 | Create | Villager (Male) |
| 20:01 | Create | Villager (Male) |
| 20:34 | Build | House |
| 20:36 | Build | House |
| 20:57 | Build | Stone Wall |
| 21:12 | Create | Villager (Male) |
| 21:12 | Create | Villager (Male) |
| 21:13 | Create | Villager (Male) |
| 21:13 | Create | Villager (Male) |
| 21:13 | Create | Villager (Male) |
| 21:30 | Create | Ballista Elephant |
| 21:47 | Build | House |
| 21:50 | Build | House |
| 21:58 | Build | Market |
| 22:05 | Create | Villager (Male) |
| 22:06 | Create | Villager (Male) |
| 22:06 | Create | Villager (Male) |
| 22:32 | Build | Stone Wall |
| 22:47 | Build | Gate |
| 22:54 | Build | Stone Wall |
| 23:00 | Build | Stone Wall |
| 23:02 | Create | Villager (Male) |
| 23:03 | Create | Villager (Male) |
| 23:13 | Build | Farm |
| 23:21 | Create | Villager (Male) |
| 23:21 | Create | Villager (Male) |
| 23:27 | Build | Farm |
| 23:47 | Create | Villager (Male) |
| 23:53 | Build | Farm |
| 24:13 | Create | Villager (Male) |
| 24:31 | Build | Farm |
| 24:41 | Create | Villager (Male) |
| 25:00 | Create | Villager (Male) |
| 25:27 | Create | Villager (Male) |
| 25:40 | Create | Villager (Male) |
| 25:54 | Build | Farm |
| 26:00 | Create | Villager (Male) |
| 26:00 | Create | Villager (Male) |
| 26:11 | Build | Farm |
| 26:16 | Build | Farm |
| 26:20 | Create | Villager (Male) |
| 26:48 | Build | Castle |
| 27:04 | Build | Mining Camp |
| 27:08 | Create | Villager (Male) |
| 27:09 | Create | Villager (Male) |
| 27:10 | Create | Villager (Male) |
| 27:16 | Build | Farm |
| 27:22 | Build | Farm |
| 27:28 | Create | Trade Cart ×5 |
| 27:59 | Create | Villager (Male) |
| 28:00 | Create | Villager (Male) |
| 28:00 | Create | Villager (Male) |
| 28:01 | Create | Villager (Male) |
| 28:06 | Build | Farm |
| 28:08 | Build | Farm |
| 28:16 | Build | Farm |
| 29:33 | Build | Farm |
| 29:36 | Build | Farm |
| 29:38 | Build | Farm |
| 29:43 | Build | Farm |
| 29:52 | Build | Barracks |
| 29:54 | Build | Barracks |
| 30:22 | Build | Castle |
| 31:00 | Research | Imperial Age |
| 31:08 | Research | Loom |
| 31:39 | Build | Gate |
| 32:09 | Create | Villager (Male) |
| 32:10 | Create | Villager (Male) |
| 32:11 | Create | Villager (Male) |
| 32:13 | Create | Villager (Male) |
| 32:16 | Research | Wheelbarrow |
| 32:35 | Build | Town Center |
| 32:52 | Build | Farm |
| 33:11 | Build | Mining Camp |
| 33:52 | Create | Villager (Male) |
| 33:52 | Create | Villager (Male) |
| 33:53 | Create | Villager (Male) |
| 33:54 | Create | Villager (Male) |
| 33:55 | Create | Villager (Male) |
| 34:04 | Create | Villager (Male) |
| 34:04 | Create | Villager (Male) |
| 34:04 | Create | Villager (Male) |
| 34:05 | Create | Villager (Male) |
| 34:05 | Create | Villager (Male) |
| 34:10 | Age | Imperial Age |
| 34:50 | Build | Blacksmith |
| 34:51 | Build | Blacksmith |
| 34:55 | Build | Blacksmith |
| 35:09 | Build | Castle |
| 35:16 | Build | Farm |
| 35:18 | Create | Villager (Male) |
| 35:19 | Create | Villager (Male) |
| 35:20 | Create | Villager (Male) |
| 35:21 | Create | Villager (Male) |
| 35:22 | Create | Villager (Male) |
| 35:22 | Create | Villager (Male) |
Match timeline
| 1:13 | Vatra_3052 · wall_segment Palisade Wall x13 |
| 1:28 | GENERAL STORM · wall_segment Palisade Wall x1 |
| 1:56 | Alliceon · wall_segment Palisade Wall x7 |
| 2:52 | gkalounias · wall_segment Palisade Wall x16 |
| 3:37 | Tepisooo · wall_segment Palisade Wall x9 |
| 4:26 | Alliceon · wall_segment Palisade Wall x10 |
| 5:53 | Alliceon · wall_segment Palisade Wall x8 |
| 7:04 | ntukis · first_building Barracks |
| 8:09 | gkalounias · wall_segment Palisade Wall x12 |
| 8:47 | Alliceon · wall_segment Palisade Wall x9 |
| 10:24 | fishburn · wall_segment Palisade Wall x8 |
| 10:27 | gkalounias · wall_segment Palisade Wall x12 |
| 10:47 | Alliceon · wall_segment Palisade Wall x1 |
| 11:43 | gkalounias · wall_segment Palisade Wall x11 |
| 12:09 | Vatra_3052 · first_building Barracks |
| 12:20 | ntukis · age_up feudal |
| 12:34 | Alliceon · wall_segment Palisade Wall x6 |
| 12:36 | GENERAL STORM · age_up feudal |
| 13:25 | PersianAria95 · age_up feudal |
| 13:34 | Tepisooo · age_up feudal |
| 13:51 | fishburn · first_building Barracks |
| 14:08 | Vatra_3052 · age_up feudal |
| 14:44 | fishburn · age_up feudal |
| 15:01 | fishburn · first_building Stable |
| 16:06 | Alliceon · wall_segment Palisade Wall x2 |
| 16:40 | GENERAL STORM · age_up castle |
| 16:48 | GENERAL STORM · first_building Monastery |
| 16:51 | Alliceon · wall_segment Palisade Wall x1 |
| 17:22 | Alliceon · wall_segment Palisade Wall x13 |
| 17:46 | PersianAria95 · first_building Barracks |
| 18:09 | PersianAria95 · age_up castle |
| 18:12 | gkalounias · age_up feudal |
| 18:23 | Tepisooo · wall_segment Stone Wall x3 |
| 18:56 | Vatra_3052 · first_market_sell 100 wood |
| 18:59 | Vatra_3052 · first_market_buy 100 food |
| 19:19 | Tepisooo · age_up castle |
| 19:37 | gkalounias · wall_segment Stone Wall x16 |
| 19:48 | GENERAL STORM · first_market_buy 100 food |
| 19:53 | Tepisooo · first_building Castle |
| 20:57 | Tepisooo · wall_segment Stone Wall x5 |
| 21:16 | PersianAria95 · first_building Monastery |
| 21:42 | Vatra_3052 · age_up castle |
| 22:32 | Tepisooo · wall_segment Stone Wall x12 |
| 22:54 | Tepisooo · wall_segment Stone Wall x8 |
| 23:00 | Tepisooo · wall_segment Stone Wall x8 |
| 23:04 | Alliceon · age_up feudal |
| 23:18 | ntukis · first_market_buy 100 food |
| 23:25 | fishburn · wall_segment Stone Wall x18 |
| 23:34 | fishburn · wall_segment Stone Wall x2 |
| 24:47 | fishburn · first_market_buy 100 food |
| 24:54 | fishburn · first_market_sell 100 stone |
| 26:31 | fishburn · wall_segment Stone Wall x20 |
| 26:41 | fishburn · wall_segment Stone Wall x2 |
| 27:30 | GENERAL STORM · first_building Barracks |
| 27:38 | fishburn · wall_segment Stone Wall x1 |
| 27:48 | GENERAL STORM · first_building Castle |
| 27:55 | ntukis · age_up castle |
| 28:14 | gkalounias · wall_segment Stone Wall x5 |
| 28:15 | fishburn · age_up castle |
| 28:18 | Alliceon · first_market_buy 100 food |
| 28:22 | gkalounias · wall_segment Stone Wall x12 |
| 28:24 | PersianAria95 · first_building Castle |
| 28:31 | ntukis · first_market_sell 100 food |
| 28:51 | PersianAria95 · first_building Archery Range |
| 29:16 | Vatra_3052 · first_building Castle |
| 29:37 | Alliceon · first_market_sell 100 stone |
| 29:52 | Tepisooo · first_building Barracks |
| 29:52 | GENERAL STORM · first_building Siege Workshop |
| 30:09 | GENERAL STORM · first_building Stable |
| 30:14 | gkalounias · age_up castle |
| 30:57 | gkalounias · wall_segment Stone Wall x5 |
| 31:03 | gkalounias · wall_segment Stone Wall x13 |
| 32:52 | Alliceon · age_up castle |
| 32:54 | ntukis · first_building Castle |
| 33:09 | GENERAL STORM · age_up imperial |
| 33:23 | gkalounias · wall_segment Stone Wall x12 |
| 33:35 | gkalounias · wall_segment Stone Wall x8 |
| 33:44 | gkalounias · wall_segment Stone Wall x12 |
| 33:45 | ntukis · first_building Monastery |
| 33:56 | Alliceon · first_building Monastery |
| 34:10 | Tepisooo · age_up imperial |
| 34:11 | gkalounias · first_building Monastery |
| 34:34 | PersianAria95 · age_up imperial |
| 36:29 | ntukis · first_building Siege Workshop |
| 37:14 | GENERAL STORM · first_market_sell 100 wood |
| 37:42 | gkalounias · wall_segment Stone Wall x16 |
| 38:05 | Vatra_3052 · first_building Siege Workshop |
| 39:10 | gkalounias · first_market_buy 100 food |
| 39:10 | ntukis · age_up imperial |
| 39:21 | ntukis · first_building Krepost |
| 39:32 | fishburn · first_building Castle |
| 40:14 | Vatra_3052 · age_up imperial |
| 43:23 | gkalounias · first_building Castle |
| 44:11 | Alliceon · first_building Castle |
| 44:16 | ntukis · first_building Stable |
| 44:24 | fishburn · first_building Monastery |
| 44:27 | gkalounias · wall_segment Stone Wall x11 |
| 44:34 | Alliceon · first_building Barracks |
| 44:45 | Alliceon · first_building Siege Workshop |
| 45:08 | GENERAL STORM · first_building Archery Range |
| 45:22 | fishburn · age_up imperial |
| 46:28 | gkalounias · first_building Siege Workshop |
| 47:21 | Alliceon · age_up imperial |
| 47:49 | Tepisooo · first_building Siege Workshop |
| 48:27 | gkalounias · wall_segment Stone Wall x7 |
| 48:46 | Vatra_3052 · resign |
| 50:10 | PersianAria95 · wall_segment Stone Wall x14 |
| 50:34 | PersianAria95 · wall_segment Stone Wall x8 |
| 51:19 | gkalounias · age_up imperial |
| 51:26 | PersianAria95 · wall_segment Stone Wall x6 |
[ AI ANALYSIS · 1 CREDIT ]
What really happened in this match?
Wolo.gg analyzes every decision: build order, eco, micro, common mistakes by bracket. Personalized analysis on WhatsApp or Discord in 30 seconds.
Civ guide
Malay
Map guide
Black Forest
Perfil
Jugador #15071489